 Dungeon Crawl Stone Soup version 0.16-a0-3280-g3a29b53 (webtiles) character file.

79 Ololoev the Slasher (level 4, -3/29 HPs)
             Began as a High Elf Gladiator on Dec 24, 2014.
             Slain by a gnoll
             ... wielding a +2 halberd of venom
              (5 damage)
             ... on level 2 of the Dungeon.
             The game lasted 00:02:39 (1351 turns).

Ololoev the Slasher (High Elf Gladiator)            Turns: 1351, Time: 00:02:39

Health: -3/29      AC:  9    Str: 15    XL:     4   Next: 17%
Magic:  7/7        EV:  7    Int: 11    God:
Gold:   41         SH:  0    Dex: 16    Spells: 0 memorised, 3 levels left

rFire  . . .     SeeInvis .     a - +0 long sword
rCold  . . .     Clarity  .     i - +0 chain mail
rNeg   . . .     SustAb   .     (no shield)
rPois  .         Gourm    .     c - +0 helmet
rElec  .         Spirit   .     (no cloak)
rCorr  .         Warding  .     (no gloves)
rMut   .         Stasis   .     (no boots)
MR     .....                    (no amulet)
Stlth  ..........               (no ring)
                                (no ring)

@: lethally poisoned, not resistant to hostile enchantments, extremely
unstealthy
A: no striking features
a: no special abilities


You were on level 2 of the Dungeon.
You were not hungry.

You visited 1 branch of the dungeon, and saw 2 of its levels.

You collected 41 gold pieces.

Notes
Turn   | Place    | Note
--------------------------------------------------------------
     0 | D:1      | Ololoev, the High Elf Gladiator, began the quest for the Orb.
     0 | D:1      | Reached XP level 1. HP: 14/14 MP: 2/2
    26 | D:1      | Reached skill level 4 in Long Blades
    27 | D:1      | Reached XP level 2. HP: 19/19 MP: 3/3
   233 | D:1      | Reached skill level 1 in Armour
   288 | D:1      | Reached XP level 3. HP: 2/24 MP: 5/5
   940 | D:2      | Reached skill level 5 in Long Blades
   978 | D:2      | Found a radiant altar of Vehumet.
  1068 | D:2      | Noticed Terence
  1088 | D:2      | Killed Terence
  1088 | D:2      | Reached XP level 4. HP: 8/29 MP: 7/7
  1351 | D:2      | Slain by a gnoll

Inventory:

Hand weapons
 a - a +0 long sword (weapon)
Missiles
 d - 3 throwing nets (quivered)
Armour
 c - a +0 helmet (worn)
 i - a +0 chain mail (worn)
Potions
 e - a potion of curing {unknown}
 j - a potion of heal wounds {unknown}
Comestibles
 b - a meat ration
 f - a bread ration

Table legend:
 A = Turns spent in this place as a percentage of turns spent in the entire game.
 B = Non-inter-level travel turns spent in this place as a percentage of non-inter-level travel turns spent in the entire game.
 C = Inter-level travel turns spent in this place as a percentage of turns spent in this place.
 D = Turns resting spent in this place as a percentage of non-inter-level travel turns spent in this place.
 E = Turns spent auto-exploring this place as a percentage of non-inter-level travel turns spent in this place.
 F = Non-inter-level travel turns spent in this place divided by the number of levels of this place that you've seen.
                   A       B       C       D       E      F
               +-------+-------+-------+-------+-------+----------------------
         Total | 100.0 | 100.0 |   0.3 |   1.9 |   7.2 | 312.5
       Dungeon | 100.0 | 100.0 |   0.3 |   1.9 |   7.2 | 312.5
               +-------+-------+-------+-------+-------+----------------------


   Skills:
 - Level 2.0 Fighting
 * Level 5.2 Long Blades
 - Level 2.1 Throwing
 + Level 2.0 Armour
 - Level 3.2 Dodging


You had 3 spell levels left.
You didn't know any spells.

Dungeon Overview and Level Annotations

Branches:
Dungeon (2/15)

Altars:
Vehumet


Message History

You kill the adder!
You hit the gnoll.
The gnoll is heavily wounded.
The gnoll hits you from afar with a halberd of venom.
You hit the gnoll.
The gnoll is severely wounded.
The gnoll hits you but does no damage.
The gnoll hits you from afar with a halberd of venom.
The gnoll hits you but does no damage.
You hit the gnoll.
The gnoll is almost dead.
The gnoll barely misses you. The gnoll hits you. The gnoll closely misses you.
The ooze barely misses you.
You closely miss the gnoll.
The gnoll is almost dead.
The gnoll barely misses you. The gnoll hits you but does no damage.
The gnoll barely misses you. The ooze hits you but does no damage.
You closely miss the gnoll.
The gnoll is almost dead.
The gnoll hits you. The gnoll barely misses you.
The gnoll hits you but does no damage.
You are poisoned.
The ooze hits you but does no damage. The gnoll hits you.
You are too injured to fight recklessly!
You are too injured to fight recklessly!
You are too injured to fight recklessly!
You are too injured to fight recklessly!
You are too injured to fight recklessly!
You are too injured to fight recklessly!
You are too injured to fight recklessly!
You are too injured to fight recklessly!
You are too injured to fight recklessly!
You are too injured to fight recklessly!
Unknown command.
Read which item? (? for menu, Esc to quit)
As you read the scroll labeled BUTRUCKUQU, it crumbles to dust.
You feel forgetful for a moment.
It was a scroll of amnesia.
You feel sick. The gnoll hits you but does no damage.
The gnoll hits you with a flail!
The gnoll hits you from afar with a halberd of venom.
You die...

#.....#.........
#.....##########
#†....#
#########.....#
#.............#
#......)......#
#.............#
#..........####
#......@g..#
#.....ggJ..#
#####.gg..##
#.....# #.....#
#.....# #......
#....... ###


You could see an ooze, 4 gnolls and a hobgoblin.

Table legend:
 A = Kills in this place as a percentage of kills in entire the game.
 B = Kills by you in this place as a percentage of kills by you in the entire game.
 C = Kills by friends in this place as a percentage of kills by friends in the entire game.
 D = Other kills in this place as a percentage of other kills in the entire game.
 E = Experience gained in this place as a percentage of experience gained in the entire game.
 F = Experience gained in this place divided by the number of levels of this place that you have seen.
                   A       B       C       D       E      F
               +-------+-------+-------+-------+-------+----------------------
         Total | 100.0 | 100.0 |  -nan |  -nan | 100.0 |  57.0
       Dungeon | 100.0 | 100.0 |  -nan |  -nan | 100.0 |  57.0
               +-------+-------+-------+-------+-------+----------------------

Vanquished Creatures
  Terence (D:2)
  An adder (D:2)
  A giant mite (D:1)
  A worm (D:2)
  2 giant geckos
  6 bats
  3 giant cockroaches (D:1)
  5 goblins
  7 hobgoblins
  6 jackals (D:1)
  3 kobolds
  4 giant newts (D:1)
  3 rats (D:1)
43 creatures vanquished.

Action                   |  1- 3 |  4- 6 || total
-------------------------+-------+-------++-------
Melee: Long sword        |   138 |    16 ||   154
  Use: Scroll            |       |     1 ||     1
  Eat: Chunk             |       |     2 ||     2

Vault maps used:
D:1:      lightli_arrival_isolated_outpost
D:2:      fiery_altar_vehumet, uniq_terence
